 Dungeon Crawl Stone Soup version 0.31.0-32-g396128a36d (webtiles) character file.

Game seed: 4171664747402392425

468 jvm1001 the Conjurer (level 6, 50/50 HPs)
             Began as a Demigod Conjurer on Mar 26, 2024.
             Quit the game on level 3 of the Dungeon.
             The game lasted 00:14:32 (3851 turns).

jvm1001 the Conjurer (Demigod Conjurer)             Turns: 3851, Time: 00:14:33

Health: 50/50      AC:  3    Str:  8    XL:     6   Next: 51%
Magic:  13/13      EV: 12    Int: 28    God:
Gold:   204        SH:  0    Dex: 12    Spells: 8/11 levels left

rFire   . . .        b - +0 dagger
rCold   . . .        (no shield)
rNeg    . . .        z - +0 robe
rPois   .            (no helmet)
rElec   .            o - +0 cloak
rCorr   .            (no gloves)
SInv    .            (no boots)
Will    .....        (no amulet)
Stlth   ++           (no ring)
HPRegen 0.28/turn    (no ring)
MPRegen 0.13/turn

%: no passive effects
@: no status effects
A: high MP 1, forlorn, divine attributes
a: no special abilities


You were on level 3 of the Dungeon.
You visited 1 branch of the dungeon, and saw 4 of its levels.

You collected 204 gold pieces.

Inventory:

Hand Weapons
 a - a +1 flail of pain
 b - a +0 dagger (weapon)
 d - a +0 antimagic trident
 e - a +1 heavy halberd
Missiles
 j - 4 boomerangs
Armour
 m - a +0 scale mail
 o - a +0 cloak (worn)
 z - a +0 robe (worn)
Talismans
 h - a beast talisman
Scrolls
 c - 3 scrolls of identify {unknown}
 l - a scroll of immolation {unknown}
 n - a scroll of fear {unknown}
Potions
 f - a potion of berserk rage {unknown}
 g - a potion of brilliance {unknown}
 i - 2 potions of curing {unknown}
 k - a potion of magic
 p - a potion of degeneration {unknown}
 q - a potion of mutation {unknown}


   Skills:
 + Level 2.6 Fighting
 + Level 3.3 Dodging
 - Level 1.7 Stealth
 + Level 3.1 Spellcasting
 * Level 5.5 Conjurations


You had 8 spell levels left.
You knew the following spells:

 Your Spells              Type           Power      Damage    Failure   Level
a - Magic Dart            Conj           100%       1d8       1%          1
b - Searing Ray           Conj           70%        2d7       1%          2

Your spell library contained the following spells:

 Spells                   Type           Power      Damage    Failure   Level
 Apportation              Tloc           8%         N/A       9%          1
 Jinxbite                 Hex            8%         N/A       12%         2
 Fulminant Prism          Conj/Alch      9%         3d7       26%         4
 Iskenderun's Mystic Bla  Conj/Tloc      19%        2d6       26%         4
 Alistair's Intoxication  Alch           2%         N/A       92%         5


Dungeon Overview and Level Annotations

Branches:
Dungeon (4/15)
 Temple: D:4-7


Innate Abilities, Weirdness & Mutations

You have an increased reservoir of magic. (+10% MP)
You shall have no god before yourself.
Your divine heritage dramatically boosts your attributes as you level up.


Message History

The magic dart hits the rat.
You kill the rat!
Found an iron altar of Okawaru.
Things that are here:
a +0 short sword; 4 stones; a kobold corpse
There is an open door here.
There is an open door here.
There is a stone staircase leading up here.
You see here a +1 pair of gloves.
You see here a +0 mace.
You see here a +0 dagger.
Done exploring.
Casting: Magic Dart (safe; 1% risk of failure)
Confirm with . or Enter, or press ? or * to list all spells.
Okay, then.
Unknown command.
Done exploring.
Done exploring.
Done exploring.
Done exploring.
There is a stone staircase leading down here.
Search for what [Enter for "weapon", or ? for help]? * Can't find anything matching that.
Search for what [Enter for "*", or ? for help]?
Can't find anything matching that.
Search for what [Enter for "*", or ? for help]? any Can't find anything matching that.
Search for what [Enter for "any", or ? for help]? item Can't find anything matching that.
Search for what [Enter for "item", or ? for help]? weapon You see here a +1 flail of pain.
r - a +1 flail of pain Adjust to which letter? (? for menu, Esc to quit)
a - a +1 flail of pain;
r - a +0 war axe You drop a +0 war axe.
Unknown command.
Saving game... please wait.
Welcome back, jvm1001 the Demigod Conjurer.
Press ? for a list of commands and other information.
Are you sure you want to abandon this character and quit the game? (Confirm with "yes".)

..#########..........##### #....
.##########..........# #####.
.'...†...##.##....#### #.)...
.#######.##.##....# #.###.
....#.......##....#### #.# #.
....#......##........# #.# #.
....#......##........# #.# #.
.######..####........## #.# #.
.## #..# #..)@..[..# #.###.
..#####..# #.........# #.##..
.........# #.........# #.##..
################......# #.##..
......................# #.##..
...#...#...#...#......######.##..
.....)..............#.#..........
...#...#...#...#....#.........##.
....................##.....#.###.


There were no monsters in sight!

Vanquished Creatures
  Sigmund (D:3)
  Pargi (D:3)
  A bombardier beetle (D:3)
  A hound (D:3)
  3 gnolls (D:3)
  3 adders
  6 dart slugs
  4 orcs (D:3)
  3 bats
  5 endoplasms
  A giant cockroach (D:1)
  4 goblins
  2 hobgoblins (D:2)
  4 jackals (D:1)
  3 quokkas
  11 ball pythons
  3 frilled lizards
  7 kobolds
  6 rats
69 creatures vanquished.

Notes
Turn   | Place    | Note
-------+----------+-------------------------------------------
     0 | D:1      | jvm1001 the Demigod Conjurer began the quest for the Orb.
     0 | D:1      | Reached XP level 1. HP: 14/14 MP: 5/5
   189 | D:1      | Reached XP level 2. HP: 22/22 MP: 0/7
   663 | D:1      | Reached skill level 4 in Conjurations
   919 | D:1      | Reached XP level 3. HP: 24/27 MP: 6/8
  1339 | D:2      | Reached skill level 1 in Fighting
  1567 | D:2      | Learned a level 2 spell: Searing Ray
  2331 | D:4      | Reached XP level 4. HP: 33/35 MP: 3/10
  2779 | D:3      | Noticed Sigmund
  2790 | D:3      | Killed Sigmund
  2791 | D:3      | Reached skill level 5 in Conjurations
  2791 | D:3      | Reached XP level 5. HP: 29/41 MP: 3/12
  3187 | D:3      | Reached XP level 6. HP: 48/48 MP: 8/13
  3281 | D:3      | Noticed Pargi
  3376 | D:3      | Killed Pargi
  3851 | D:3      | Quit the game

Illustrated notes

Levels and vault maps discovered:
D:1:      dpeg_arrival_pond, layout_basic, minmay_hexomino_p4
D:2:      layout_basic
D:3:      layout_basic, nicolae_uskayaw_dance_hall,
          lemuel_coloured_pillars_altar, feat_on_display, uniq_sigmund,
          uniq_pargi
D:4:      layout_cave_pools, uniq_grinder

Skill      XL: |  1  2  3  4  5  6 |
---------------+-------------------+-----
Dodging        | 2 3 |  3.3
Spellcasting   | 2 3 |  3.1
Conjurations   | 4 5 |  5.5
Fighting       | 1 2 |  2.6
Stealth        | |  1.7

Action                     |  1- 3 |  4- 6 || total
---------------------------+-------+-------++-------
  Melee: Dagger            |    42 |    32 ||    74
         Unarmed           |     5 |       ||     5
   Cast: Magic Dart        |    72 |    33 ||   105
         Searing Ray       |     1 |    10 ||    11
 Armour: Robe              |    18 |    38 ||    56
  Dodge: Dodged            |    33 |    40 ||    73
